 Dungeon Crawl Stone Soup version 0.27.0-1-g7a089689b8 (webtiles) character file.

Game seed: 3363532895876868377

664484 4FPSwarrior the Slayer (level 27, -9/207 HPs)
             Began as a Djinni Hedge Wizard on July 31, 2021.
             Was the Champion of Qazlal.
             Killed from afar by a Brimstone Fiend (44 damage)
             ... with damnation
             ... on level 3 of the Depths on Aug 10, 2021.
             The game lasted 11:45:34 (127821 turns).

4FPSwarrior the Slayer (Djinni Hedge Wizard)      Turns: 127821, Time: 11:45:35

Health: -9/207     AC: 32    Str: 14      XL:     27
Gold:   7008       EV: 23    Int: 14 (22) God:    Qazlal [******] SH: 12 Dex: 15

rFire    + + +     SeeInvis +   a - +3 Elemental Staff {rElec rF++ rC++ Will++ AC+5}
rCold    + + .     Faith    .   (no shield)
rNeg     . . .     Spirit   +   r - +4 moon troll leather armour {Spirit, Regen++ MP+5}
rPois    ∞         Reflect  .   P - +2 helmet {SInv}
rElec    +         Harm     .   b - +2 cloak
rCorr    +         Rampage  .   F - +2 pair of gloves {archery}
Will     ++++.                  (boots unavailable)
Stlth    +.........             L - amulet of regeneration
HPRegen  3.44/turn              j - ring of Nirel {rC+ rCorr AC+4 Str+2}
MPRegen  0.00/turn              U - ring of wizardry

@: flying, studying Shields, repel missiles
A: sickness immunity, fire resistance 2, cold vulnerability 1, float, innate
caster, hp casting, extra vitality 1, fangs 1, large bone plates 1,
deterioration 1, dopey 1, screaming 1
0: Orb of Zot
}: 3/15 runes: decaying, slimy, gossamer
a: Renounce Religion, Upheaval, Elemental Force, Disaster Area


You were on level 3 of the Depths.
You worshipped Qazlal.
Qazlal was exalted by your worship.
You visited 11 branches of the dungeon, and saw 55 of its levels.
You visited the Abyss 1 time.
You visited 1 bazaar.
You visited 1 ziggurat, and saw 9 of its levels.
You also visited: Wizlab.

You collected 11611 gold pieces.
You spent 4603 gold pieces at shops.

Inventory:

Hand Weapons
 a - the +3 Elemental Staff (weapon) {rElec rF++ rC++ Will++ AC+5}
   (You bought it in a shop on level 13 of the Dungeon)

   If the wielder is skilled in Evocations, they can discharge powerful blasts
   of elemental energy when striking with it.
   It enhances your fire, ice, earth and air magic.
   AC:        It affects your AC (+5).
   rF:        It greatly protects you from fire.
   rC:        It greatly protects you from cold.
   rElec:     It insulates you from electricity.
   Will:      It greatly increases your willpower.
Missiles
 R - 3 throwing nets (quivered)
Armour
 b - a +2 cloak (worn)
 r - the +4 moon troll leather armour (worn) {Spirit, Regen++ MP+5}
   (You took it off a moon troll in a wizard's laboratory)

   MP:        It affects your magic capacity (+5).
   Regen:     It increases your rate of health regeneration.
 F - a +2 pair of gloves of archery (worn)
 N - a +2 robe of the Archmagi
 P - a +2 helmet of see invisible (worn)
 S - +6 pearl dragon scales
 V - the +3 leather armour of the Trombone {-Tele rElec rN+ rCorr}
   (You found it on level 4 of the Lair of Beasts)

   rElec:     It insulates you from electricity.
   rN:        It protects you from negative energy.
   -Tele:     It prevents most forms of teleportation.
   rCorr:     It protects you from acid and corrosion.
Jewellery
 j - the ring of Nirel (left hand) {rC+ rCorr AC+4 Str+2}
   (You found it in a wizard's laboratory)

   [ring of protection]

   AC:        It affects your AC (+4).
   Str:       It affects your strength (+2).
   rC:        It protects you from cold.
   rCorr:     It protects you from acid and corrosion.
 B - the ring of Qudyc {rN+ AC+4}
   (You found it on level 4 of the Depths)

   [ring of protection]

   AC:        It affects your AC (+4).
   rN:        It protects you from negative energy.
 L - an amulet of regeneration (around neck)
 T - the amulet of Okkoroin {Reflect rF+++ rC+ Int-5 SH+5 SInv}
   (You found it on level 4 of a ziggurat)

   [amulet of reflection]

   It reflects blocked missile attacks.
   Int:       It affects your intelligence (-5).
   rF:        It renders you almost immune to fire.
   rC:        It protects you from cold.
   SInv:      It lets you see invisible.
   SH:        It affects your SH (+5).
 U - a ring of wizardry (right hand)
 X - the ring "Beqaj" {rPois MP+9 Str+4 Int+3 Dex+2}
   (You found it on level 6 of a ziggurat)

   [ring of magical power]

   Str:       It affects your strength (+4).
   Int:       It affects your intelligence (+3).
   Dex:       It affects your dexterity (+2).
   rPois:     It protects you from poison.
   MP:        It affects your magic capacity (+9).
Wands
 k - a wand of iceblast (36)
 q - a wand of digging (15)
 u - a wand of paralysis (8)
 v - a wand of flame (16)
 x - a wand of acid (28)
 D - a wand of mindburst (11)
Scrolls
 e - 29 scrolls of identify
 f - 5 scrolls of fog
 h - 16 scrolls of enchant weapon
 p - 5 scrolls of immolation
 s - 13 scrolls of teleportation
 w - 2 scrolls of summoning
 y - a scroll of brand weapon
 C - 6 scrolls of blinking
 E - 7 scrolls of fear
 I - 2 scrolls of silence
 K - 4 scrolls of torment
 M - 3 scrolls of magic mapping
 Q - 3 scrolls of holy word
 W - 2 scrolls of vulnerability
Potions
 c - a potion of berserk rage
 d - 22 potions of curing
 g - 11 potions of heal wounds
 i - 7 potions of mutation
 l - 7 potions of lignification
 m - 6 potions of attraction
 n - 15 potions of haste
 o - 10 potions of brilliance
 t - 7 potions of resistance
 z - 6 potions of invisibility
 A - 4 potions of cancellation
 J - 8 potions of ambrosia


   Skills:
 + Level 24.7 Fighting
 - Level 0.6 Axes
 - Level 1.1 Staves
 + Level 19.6 Armour
 + Level 21.6 Dodging
 - Level 1.5 Stealth
 - Level 4.0 Shields
 * Level 19.9 Spellcasting
 + Level 21.3 Invocations


You couldn't memorise any spells.
You knew the following spells:

 Your Spells              Type           Power      Damage    Failure   Level
a - Magic Dart            Conj           100%       1d8       0%          1
b - Blink                 Tloc           N/A        N/A       0%          2
c - Call Imp              Summ           63%        N/A       0%          2
d - Slow                  Hex            63%        N/A       0%          2
e - Conjure Flame         Conj/Fire      81%        6-21      0%          3
f - Mephitic Cloud        Conj/Pois/Air  81%        N/A       0%          3
g - Apportation           Tloc           100%       N/A       0%          1
h - Searing Ray           Conj           100%       3d7       0%          2
i - Dazzling Flash        Conj/Hex       100%       N/A       0%          3
j - Ozocubu's Armour      Ice            81%        N/A       0%          3
k - Irradiate             Conj/Tmut      31%        3d23      1%          5
l - Lee's Rapid Deconstr  Erth           40%        3d21*     1%          5
m - Dispersal             Tloc           31%        N/A       1%          6
n - Simulacrum            Ice/Necr       40%        N/A       1%          6
o - Starburst             Conj/Fire      40%        8x6d12    1%          6
p - Borgnjor's Revivific  Necr           31%        N/A       3%          8
q - Discord               Hex            31%        N/A       3%          8
r - Summon Horrible Thin  Summ           31%        N/A       3%          8
s - Chain Lightning       Conj/Air       40%        3d54      41%         9
Your spell library was empty.

Dungeon Overview and Level Annotations

Branches:
Dungeon (15/15)            Temple (1/1) D:5            Lair (6/6) D:10
  Swamp (4/4) Lair:3       Spider (4/4) Lair:3        Slime (5/5) Lair:5
    Orc (2/2) D:11            Elf (3/3) Orc:2        Vaults (5/5) D:13
  Crypt (0/3) Vaults:3     Depths (5/5) D:15            Zot (5/5) Depths:5
 WizLab (visited)

Altars:
Ashenzari
Cheibriados
Dithmenos
Elyvilon
Fedhas
Gozag
Hepliaklqana
Kikubaaqudgha
Makhleb
Nemelex Xobeh
Okawaru
Qazlal
Ru
Sif Muna
Trog
Uskayaw
Vehumet
Wu Jian
Xom
Yredelemnul
Zin
The Shining One

Shops:
D:5 [   D:13 ([   Orc:2 :*(:*   Elf:1 *   Elf:2 *(*[:   Vaults:1 ?
Vaults:3 ?*   Zot:5 *   Depths:2 =:=:   Depths:3 (!*

Portals:
Hell: Depths:1 Depths:2 Depths:3 Depths:4
Abyss: Depths:4
Pandemonium: Depths:2 Depths:3 Depths:5

Annotations:
Lair:2 exclusion: 2 oklob plants
Elf:2 3 runed translucent doors
Depths:3 2 runed translucent doors
Depths:4 exclusion: upstairs
Depths:5 exclusion: 2 doors
Zot:4 Heoriaro's ghost, legendary GnFi


Innate Abilities, Weirdness & Mutations

You are immune to sickness and miasma.
You are immune to poison.
Your flesh is very heat resistant. (rF++)
You are vulnerable to cold. (rC-)
You float through the air rather than walking.
You learn spells naturally, not from books.
Your magical power is your life essence.
You have superior vitality. (+4 HP)
You have very sharp teeth.
You are partially covered in large bone plates. (SH +4)
Your body sometimes deteriorates upon taking damage.
You are dopey. (Int -2)
You occasionally shout uncontrollably at your foes.


Message History

(V) Vaults (C) Crypt (U) Depths (H) Hell (Z) Zot
Where to? (Enter - D:1 @ (x,y), ? - help)
There is an open door here.
A Brimstone Fiend comes into view.
The Brimstone Fiend roars!
There is an open door here.
Press: ? - help, v - describe, . - travel
Here: a Brimstone Fiend The floor.
Aiming: Magic Dart (safe; 0% risk of failure)
Press: ? - help, Q - select action, (/) - cycle Shift-Dir - straight line, f - Brimstone Fiend
Aim: a Brimstone Fiend (100% to hit)
Okay, then.
Throw: 4 throwing nets
Press: ? - help, Q - select action, (/) - cycle Shift-Dir - straight line, f - Brimstone Fiend
Aim: a Brimstone Fiend (83% to hit)
You throw a throwing net.
The throwing net hits the Brimstone Fiend.
The Brimstone Fiend is caught in the net!
The Brimstone Fiend struggles against the net.
The Brimstone Fiend calls on the powers of darkness!
Your body is wracked with pain!
The Brimstone Fiend struggles against the net.
The Brimstone Fiend struggles against the net.
You yell at the ynoxinul!
A ynoxinul comes into view.
The Brimstone Fiend calls on the powers of darkness!
Your body is wracked with pain!
* * * LOW HITPOINT WARNING * * *
The Brimstone Fiend struggles against the net.
The Brimstone Fiend gestures at you.
The sphere of damnation explodes!
The damnation engulfs you!!!
* * * LOW HITPOINT WARNING * * *
The Brimstone Fiend struggles against the net.
The ynoxinul gestures at you.
The iron shot is repelled.
The Brimstone Fiend gestures at you.
The sphere of damnation explodes!
The damnation engulfs you!!!
You die...

..........#######'###...#
##'####...##.[.....##...#
##...##...##.1°.........#
.......^..#.............#
..........#.......§.....#
..........#.............#
.[........#...3°........#
..........#...○○..○.....#
##.#########....@.○##...#
##.####...##....☼○.##...#
........................#
.....)..................#
........................#
...................##...#
..=................##...#
....#####..#...........(#
....'.....##.......##..'#


You could see a Brimstone Fiend (caught) and a ynoxinul.

Vanquished Creatures
  the Royal Jelly (Slime:5)
  3 dread liches
  Mennas (Vaults:3)
  An orb of fire (Zot:5)
  Sojobo (Depths:1)
  A pandemonium lord (Depths:1)
  Margery (Vaults:2)
  Frederick (Vaults:2)
  A shard shrike (Zot:4)
  Saint Roka (Depths:1)
  6 Killer Klowns
  2 curse toes
  10 golden dragons
  The ghost of Ewetirimn the Executioner, an adept MiBe of Trog (Elf:1)
  Jory (Vaults:4)
  2 bone dragons
  4 electric golems
  17 tentacled monstrosities
  A moon troll (WizLab)
  22 Orb Guardians (Zot:5)
  A titan (Depths:5)
  Asterion (Vaults:2)
  3 quicksilver dragons
  2 deep elf blademasters (Elf:3)
  A lich (Zig:8)
  23 acid blobs
  A deep elf master archer (Elf:3)
  8 death cobs
  3 sphinxes
  An ancient champion (Vaults:2)
  Kirke (Lair:5)
  9 shadow dragons
  14 tentacled starspawn
  A thorn hunter (Swamp:4)
  15 rockslimes
  5 tengu reavers
  10 storm dragons
  8 draconian monks
  4 draconian knights
  6 fire giants
  7 azure jellies
  A fenstrider witch (Swamp:4)
  An iron dragon (Depths:2)
  2 spectral caustic shrikes (Depths:4)
  4 ghost moths
  11 emperor scorpions
  10 vault wardens
  6 deep elf sorcerers
  6 draconian shifters
  2 balrugs (Depths:5)
  5 draconian scorchers
  8 frost giants
  10 ironbound preservers
  2 orc warlords (Zig:4)
  Aizul (Spider:1)
  A cacodemon (WizLab)
  2 spriggan defenders
  4 deep elf elementalists
  9 draconian annihilators
  4 war gargoyles
  A reaper (Depths:3)
  35 very ugly things
  7 draconian stormcallers
  A ghoul (Lair:3)
  23 stone giants
  2 blood saints (Zig:8)
  3 vampire knights
  9 quicksilver oozes
  13 green draconians
  9 deep elf annihilators
  6 deep elf demonologists
  3 entropy weavers
  17 black draconians
  8 purple draconians
  11 red draconians
  16 yellow draconians
  10 white draconians
  2 bunyips
  11 dire elephants
  6 spark wasps
  3 deep elf death magi
  4 eleionomae (Swamp:1)
  5 fire dragons
  A green death (Zot:4)
  15 ettins
  A quicksilver dragon zombie (Depths:2)
  Snorg (Lair:5)
  2 jiangshi
  A merfolk impaler (Zig:1)
  4 crystal guardians
  14 yaktaur captains
  Josephine (Lair:6)
  8 deep elf high priests
  11 vault guards
  Harold (D:11)
  8 ironbound thunderhulks
  17 great orbs of eyes
  6 ice dragons
  4 rakshasas (Depths:2)
  20 hydras
  6 ogre magi
  8 boulder beetles
  2 peacekeepers
  9 centaur warriors
  3 spriggan air magi
  2 death knights
  An anaconda (shapeshifter) (Zig:5)
  9 ironbound frosthearts
  A merfolk aquamancer (Zig:8)
  11 alligators
  14 tengu warriors
  20 dancing weapons
  5 deep troll shamans
  25 two-headed ogres
  11 deep troll earth magi
  3 vampire magi
  Urug (Lair:2)
  3 thrashing horrors (Abyss:4)
  A titan zombie (Depths:3)
  An orc high priest (Orc:1)
  A shock serpent (Zig:3)
  8 ironbound beastmasters
  7 spriggan berserkers
  3 soul eaters (Depths:5)
  The ghost of Tutankhamun the Spry, a journeyman SpBr of Dithmenos (Lair:1)
  5 sun demons
  7 deep elf knights
  A salamander mystic (Zig:8)
  A titan skeleton (Depths:3)
  17 hell knights
  A spectral death yak (Lair:1)
  2 naga sharpshooters (Zig:3)
  2 wretched stars
  4 iron trolls
  An orange crystal statue (WizLab)
  A death drake (Swamp:4)
  8 spriggan druids
  41 deep trolls
  A spatial maelstrom (Abyss:4)
  9 glowing orange brains
  25 starcursed masses
  An entropy weaver zombie (Vaults:1)
  12 swamp dragons
  4 flayed ghosts
  2 spectral hydras (Lair:1)
  An obsidian statue (Elf:1)
  16 deep elf archers
  13 ironbound convokers
  15 wizards
  4 bog bodies
  21 harpies
  6 orc knights
  3 goliath frogs
  6 lindwurms
  A golden dragon skeleton (Depths:2)
  29 orb spiders
  A tengu zombie (Depths:3)
  13 oklob plants
  A lindwurm (shapeshifter) (Vaults:1)
  12 necromancers
  26 deep elf pyromancers
  29 deep elf zephyrmancers
  A tengu skeleton (Depths:3)
  9 orc sorcerers
  2 frost giant zombies
  9 shining eyes
  2 sphinx skeletons
  57 ugly things
  2 worldbinders (Abyss:4)
  8 cyclopes
  25 wolf spiders
  2 manticores
  6 elephants
  30 moths of wrath
  3 naga magi
  A fire giant zombie (Depths:1)
  A salamander (Zig:3)
  17 vault sentinels
  A rust devil (Depths:3)
  An orange demon (Depths:3)
  Joseph (D:8)
  2 smoke demons
  2 human skeletons (Vaults:1)
  8 black mambas
  7 cane toads
  An apocalypse crab (Zig:5)
  A torpor snail (Spider:3)
  A storm dragon simulacrum (Depths:2)
  A torpor snail (shapeshifter) (Depths:2)
  2 gargoyles
  Psyche (D:11)
  5 eyes of devastation
  2 unseen horrors (D:9)
  A yaktaur zombie (Vaults:1)
  A cane toad (shapeshifter) (Elf:2)
  2 rime drakes
  6 komodo dragons
  11 demonic crawlers
  2 freezing wraiths
  An ice devil (Depths:3)
  3 tengu conjurers
  A spriggan zombie (Depths:1)
  4 hellwings
  2 kobold demonologists
  23 yaktaurs
  3 ancient zymes (Abyss:4)
  5 trolls
  5 polar bears (Lair:6)
  A shadow dragon simulacrum (Depths:3)
  2 large abominations (Abyss:4)
  3 merfolk (Zig:1)
  A wind drake (shapeshifter) (Depths:3)
  20 jumping spiders
  A nameless horror (Zot:5)
  2 raiju (Abyss:4)
  3 meliai (D:15)
  6 tyrant leeches
  2 dream sheep (Lair:6)
  15 hornets
  A dream sheep (shapeshifter) (Zig:7)
  75 slime creatures
  20 blink frogs
  64 redbacks
  3 water elementals (Elf:1)
  A spectral black mamba (Lair:1)
  An ice dragon skeleton (Depths:1)
  38 spriggans
  An ettin skeleton (Vaults:1)
  3 shadows
  23 tarantellas
  3 vampires
  2 ynoxinuls (Abyss:4)
  A redback (shapeshifter) (Vaults:3)
  An air elemental (Elf:1)
  42 yaks
  6 wraiths
  4 wyverns
  3 fire elementals
  12 golden eyes
  2 basilisks
  A steam dragon (D:6)
  18 vampire mosquitoes
  3 hogs (Lair:5)
  2 chaos spawn
  5 neqoxecs
  A spatial vortex (Abyss:4)
  3 wargs
  14 swamp worms
  8 water moccasins
  5 small abominations (Abyss:4)
  11 swamp drakes
  3 ice beasts
  28 orc warriors
  An ice dragon simulacrum (Depths:1)
  6 black bears
  2 necrophages
  An ettin simulacrum (Depths:1)
  10 centaurs
  14 boggarts
  A black mamba simulacrum (Lair:1)
  35 ogres
  37 wolves
  2 phantoms (D:11)
  An elf simulacrum (Vaults:1)
  13 bullfrogs
  2 kobold brigands
  A cane toad simulacrum (Lair:1)
  A wyvern zombie (D:9)
  3 gnoll sergeants
  3 scorpions
  3 earth elementals
  A water moccasin zombie (D:5)
  A water moccasin skeleton (D:5)
  3 troll zombies (D:11)
  2 killer bees
  4 wights (D:6)
  An electric eel (Spider:2)
  4 howler monkeys
  5 centaur zombies
  6 jellies
  A bullfrog skeleton (D:6)
  19 orc priests
  4 centaur skeletons
  3 hounds
  An iron imp (Abyss:4)
  A gnoll shaman (D:7)
  2 iguanas (D:5)
  13 orc wizards
  A statue (Depths:1)
  3 ogre zombies (D:11)
  2 howler monkey zombies (D:8)
  18 gnolls
  8 adders
  A shadow imp (D:6)
  A white imp (Abyss:4)
  An adder skeleton (D:5)
  A worm (D:5)
  3 dart slugs
  An orc (shapeshifter) (Depths:2)
  59 orcs
  15 endoplasms
  8 giant cockroaches
  4 hobgoblins
  3 jackals (D:3)
  34 kobolds
  2 quokkas (D:1)
  7 ball pythons
  A bat (D:1)
  4 frilled lizards
  12 goblins
  2 goblin skeletons (D:11)
  A goblin zombie (D:11)
  A hobgoblin skeleton (D:11)
  A hobgoblin zombie (D:11)
  2 orc skeletons (D:11)
  12 orc zombies (D:11)
  7 rats
  A block of ice (Depths:1)
  55 bushes
  2 plants
  14 starspawn tentacles
2348 creatures vanquished.

Vanquished Creatures (collateral kills)
  4 orbs of fire (Zot:5)
  A curse toe (Zot:5)
  An electric golem (Zot:5)
  3 Orb Guardians (Zot:5)
  A tentacled monstrosity (Zot:5)
  An acid blob (Slime:5)
  2 storm dragons
  A draconian monk (Zot:1)
  2 draconian knights
  2 draconian shifters
  A green draconian (Zot:4)
  3 yellow draconians
  A red draconian (Zot:5)
  A purple draconian (Zot:4)
  A white draconian (Zot:4)
  A hydra (D:12)
  2 nameless horrors
  An elephant (Lair:6)
  A moth of wrath (Zot:1)
  A komodo dragon (Lair:1)
  A troll (D:11)
  A polar bear (Lair:5)
  A slime creature (D:13)
  A redback (Spider:3)
  A shadow (D:11)
  A wraith (Lair:6)
  A yak (Lair:4)
  2 hogs (Lair:5)
  Grum (D:8)
  A warg (Orc:1)
  An acid dragon (D:9)
  A sky beast (D:7)
  A necrophage (D:4)
  4 ogres
  2 centaurs
  Blork the orc (D:5)
  2 scorpions
  A wight (D:6)
  2 jellies
  3 hounds
  A bullfrog skeleton (D:5)
  2 iguanas
  Ijyb (D:4)
  An orc wizard (D:7)
  7 gnolls
  An adder (D:4)
  A worm (D:4)
  7 orcs
  An endoplasm (D:3)
  2 giant cockroaches
  2 goblins
  A hobgoblin (D:1)
  5 jackals
  2 kobolds
  A quokka (D:1)
  2 ball pythons
  A block of ice (Depths:1)
98 creatures vanquished.

Vanquished Creatures (others)
  A tengu reaver (Depths:1)
  A green draconian (Zot:4)
  A yellow draconian (Zot:4)
  An ettin (Depths:3)
  A deep elf knight (Elf:1)
  An iron troll (Depths:2)
  A spatial maelstrom (Abyss:4)
  A deep troll (Depths:3)
  A wolf spider (Spider:1)
  A hellwing (Depths:2)
  A water elemental (Elf:1)
  A large abomination (Abyss:4)
  A boggart (D:12)
  An endoplasm (Lair:5)
  3 blocks of ice (Depths:1)
  3 bushes (Depths:4)
  A butterfly (Depths:4)
  9 demonic plants (WizLab)
  102 fungi
  A lurking horror (Abyss:4)
  117 plants
  51 starspawn tentacles
  2 withered plants (Zot:5)
303 creatures vanquished.

Grand Total: 2749 creatures vanquished

Notes
Turn   | Place    | Note
-------+----------+-------------------------------------------
     0 | D:1      | 4FPSwarrior the Djinni Hedge Wizard began the quest for the
                  | Orb.
     0 | D:1      | Reached XP level 1. HP: 15/15 MP: 0/0
   206 | D:1      | Reached XP level 2. HP: 19/22 MP: 0/0
   408 | D:1      | Reached skill level 1 in Fighting
   718 | D:1      | Reached XP level 3. HP: 19/27 MP: 0/0
   718 | D:1      | Learned a level 1 spell: Apportation
  1815 | D:2      | Reached XP level 4. HP: 27/33 MP: 0/0
  1879 | D:2      | Reached skill level 2 in Fighting
  2475 | D:2      | Reached skill level 1 in Staves
  2797 | D:2      | Reached XP level 5. HP: 37/39 MP: 0/0
  2797 | D:2      | Learned a level 2 spell: Searing Ray
  2918 | D:2      | Found a faded altar of an unknown god.
  3713 | D:3      | Reached skill level 3 in Fighting
  4496 | D:4      | Noticed an ogre
  4550 | D:4      | Noticed a necrophage
  4557 | D:4      | Reached XP level 6. HP: 38/46 MP: 0/0
  4560 | D:4      | Killed a necrophage
  5152 | D:4      | Noticed an ogre
  5161 | D:4      | Killed an ogre
  5193 | D:4      | Identified the +2 great mace of the Mosquito {flame, Str+7}
  5355 | D:4      | Killed an ogre
  5356 | D:4      | Reached skill level 4 in Fighting
  5385 | D:4      | Noticed Ijyb
  6223 | D:4      | Killed Ijyb
  6224 | D:4      | Reached XP level 7. HP: 23/52 MP: 0/0
  6224 | D:4      | Learned a level 3 spell: Dazzling Flash
  6505 | D:5      | Entered Level 5 of the Dungeon
  6964 | D:5      | Found Cicazisch's Antique Armour Shop.
  7332 | D:5      | Noticed Blork the orc
  7620 | D:5      | Reached skill level 5 in Fighting
  7900 | D:5      | Killed Blork the orc
  7908 | D:5      | Bought a slimy leather armour for 224 gold pieces
  7908 | D:5      | Identified the +0 leather armour "Usugisoy" {Dex+6} (You
                  | bought it in a shop on level 5 of the Dungeon)
  8041 | D:5      | Reached skill level 5 in Dodging
  8041 | D:5      | Reached XP level 8. HP: 46/60 MP: 0/0
  9213 | D:4      | Reached skill level 6 in Fighting
 10368 | D:5      | Reached skill level 7 in Fighting
 10421 | D:5      | Reached XP level 9. HP: 35/68 MP: 0/0
 10421 | D:5      | Learned a level 3 spell: Ozocubu's Armour
 10751 | D:5      | Found a staircase to the Ecumenical Temple.
 10760 | Temple   | Entered the Ecumenical Temple
 10859 | Temple   | Became a worshipper of Qazlal Stormbringer
 11578 | D:6      | Found an iron altar of Okawaru.
 12068 | D:6      | Reached skill level 1 in Invocations
 12272 | D:6      | Reached skill level 1 in Armour
 12748 | D:6      | Reached skill level 8 in Fighting
 12748 | D:6      | Reached skill level 5 in Spellcasting
 13281 | D:7      | Reached * piety under Qazlal
 14762 | D:7      | Found a burning altar of Makhleb.
 14770 | D:7      | Reached XP level 10. HP: 71/77 MP: 0/0
 14924 | D:7      | Reached ** piety under Qazlal
 15169 | D:8      | Noticed a two-headed ogre
 15449 | D:8      | Noticed Joseph
 15692 | D:7      | Killed a two-headed ogre
 15693 | D:7      | Reached skill level 9 in Fighting
 15954 | D:8      | Noticed Grum
 16427 | D:8      | Killed Grum
 16547 | D:8      | Killed Joseph
 17033 | D:8      | Found a glowing silver altar of Zin.
 18374 | D:8      | Reached XP level 11. HP: 56/85 MP: 0/0
 18374 | D:8      | Learned a level 5 spell: Irradiate
 18506 | D:9      | Reached skill level 10 in Fighting
 20297 | D:10     | Entered Level 10 of the Dungeon
 20297 | D:10     | Noticed a two-headed ogre
 20779 | D:9      | Killed a two-headed ogre
 20780 | D:9      | Reached skill level 5 in Armour
 21468 | D:9      | Reached skill level 5 in Invocations
 23303 | D:10     | Found a staircase to the Lair.
 23563 | D:11     | Reached skill level 1 in Shields
 24258 | D:11     | Reached skill level 11 in Fighting
 24300 | D:11     | Found a staircase to the Orcish Mines.
 24577 | D:11     | Noticed a cyclops
 24621 | Lair:1   | Entered Level 1 of the Lair of Beasts
 24726 | Lair:1   | Noticed a four-headed hydra
 24746 | Lair:1   | Killed a four-headed hydra
 24747 | Lair:1   | Reached XP level 12. HP: 42/94 MP: 0/0
 25646 | Lair:1   | Found a runed translucent gate.
 25647 | Lair:1   | Found a runed translucent gate.
 25648 | Lair:1   | Found a runed translucent gate.
 25785 | Lair:1   | Noticed Tutankhamun's ghost (journeyman SpBr)
 26589 | Lair:2   | Noticed a four-headed hydra
 26613 | Lair:1   | Killed a four-headed hydra
 27061 | Lair:2   | Found a basalt altar of Yredelemnul.
 27153 | Lair:2   | Reached *** piety under Qazlal
 28355 | Lair:3   | Noticed Urug
 28664 | Lair:1   | Identified the +3 trident of the Eggplant {freeze, rPois
                  | rCorr}
 28748 | Lair:2   | Killed Urug
 29459 | Lair:3   | Found a hole to the Spider Nest.
 29683 | Lair:3   | Reached skill level 12 in Fighting
 29737 | Lair:3   | You are sucked into a shaft and drop 2 floors!
 30248 | Lair:4   | Reached XP level 13. HP: 47/101 MP: 0/0
 30248 | Lair:4   | Learned a level 5 spell: Lee's Rapid Deconstruction
 30554 | Lair:4   | Identified the +3 leather armour of the Trombone {-Tele
                  | rElec rN+ rCorr}
 31642 | Lair:3   | Found a staircase to the Swamp.
 32595 | Lair:5   | Noticed a boulder beetle
 32615 | Lair:5   | Killed a boulder beetle
 32987 | Lair:5   | Reached skill level 10 in Dodging
 33391 | Lair:5   | Noticed Kirke
 33491 | Lair:5   | Killed Kirke
 33723 | Lair:5   | Found a staircase to the Slime Pits.
 33757 | Lair:5   | Noticed a five-headed hydra
 33768 | Lair:5   | Killed a five-headed hydra
 33968 | Lair:6   | Entered Level 6 of the Lair of Beasts
 34343 | Lair:6   | Noticed a five-headed hydra
 34371 | Lair:5   | Killed a five-headed hydra
 34738 | Lair:5   | Found a staircase to the Slime Pits.
 35729 | Lair:6   | Noticed Josephine
 35966 | Lair:2   | Found a basalt altar of Yredelemnul.
 36439 | D:11     | Noticed Harold
 36657 | D:11     | Killed Harold
 36885 | D:11     | Reached skill level 13 in Fighting
 37126 | D:11     | Noticed Psyche
 37148 | D:11     | Killed Psyche
 38051 | Orc:1    | Entered Level 1 of the Orcish Mines
 38318 | D:11     | Reached XP level 14. HP: 56/110 MP: 0/0
 40165 | Orc:2    | Entered Level 2 of the Orcish Mines
 41677 | D:11     | Found a staircase to the Orcish Mines.
 42821 | D:12     | Identified the +4 ring mail "Vussayk" {Int+2}
 43930 | D:13     | Found Kenga Pets's Armour Emporium.
 43938 | D:13     | Bought a +1 helmet of see invisible for 280 gold pieces
 43953 | D:13     | Identified a scroll of acquirement
 44255 | D:13     | Found Yxixipa's Weapon Shoppe.
 48255 | Lair:6   | Killed Josephine
 49440 | Lair:6   | Noticed Snorg
 49462 | Lair:5   | Killed Snorg
 49463 | Lair:5   | Reached skill level 14 in Fighting
 49831 | Lair:6   | Reached XP level 15. HP: 100/117 MP: 0/0
 49831 | Lair:6   | Learned a level 6 spell: Dispersal
 50942 | Lair:6   | Reached skill level 10 in Spellcasting
 51551 | Lair:6   | Gained mutation: Your body sometimes deteriorates upon
                  | taking damage. [mutagenic glow]
 51940 | Lair:6   | Reached **** piety under Qazlal
 53447 | D:13     | Reached skill level 10 in Invocations
 53614 | D:13     | Found a gate to the Vaults.
 56100 | D:14     | Found a glowing golden altar of the Shining One.
 56429 | D:15     | Entered Level 15 of the Dungeon
 56723 | D:15     | Reached XP level 16. HP: 110/124 MP: 0/0
 56778 | D:15     | Reached skill level 15 in Fighting
 57626 | D:13     | Bought the +3 Elemental Staff {rElec rF++ rC++ Will++ AC+5}
                  | for 1423 gold pieces
 57626 | D:13     | Found the +3 Elemental Staff {rElec rF++ rC++ Will++ AC+5}
 58738 | Orc:2    | Found Locs's Book Shop.
 59105 | Orc:2    | Reached skill level 10 in Armour
 59370 | Orc:1    | Gained mutation: You are dopey. (Int -2) [mutagenic glow]
 60488 | Orc:2    | Found a staircase to the Elven Halls.
 60780 | Orc:2    | Found Molag's Antique Weapon Emporium.
 60780 | Orc:2    | Found Arrom's Assorted Antiques.
 60781 | Orc:2    | Found Plog's General Store.
 60781 | Orc:2    | Found Zemnibb's Book Emporium.
 60791 | Orc:2    | Bought a potion of curing for 39 gold pieces
 60792 | Orc:2    | Bought a pitted scimitar for 279 gold pieces
 60792 | Orc:2    | Identified the +11 scimitar of Equilibrium {antimagic,
                  | *Slow rF+ Will+ Int+4} (You bought it in a shop on level 2
                  | of the Orcish Mines)
 61198 | Spider:1 | Entered Level 1 of the Spider Nest
 62179 | Spider:1 | Noticed Aizul
 62189 | Spider:1 | Killed Aizul
 63693 | Spider:2 | Reached XP level 17. HP: 93/132 MP: 0/0
 63693 | Spider:2 | Learned a level 6 spell: Simulacrum
 64236 | Spider:2 | Gained mutation: You are frail. (-10% HP) [mutagenic glow]
 64801 | Spider:2 | Reached skill level 16 in Fighting
 65016 | Spider:3 | Reached ***** piety under Qazlal
 67185 | Spider:4 | Entered Level 4 of the Spider Nest
 68138 | Spider:3 | Gained mutation: Armour fits poorly on your strangely
                  | shaped body. [mutagenic glow]
 69046 | Spider:3 | Gained mutation: You are clumsy. (Dex -2) [mutagenic glow]
 69313 | Spider:3 | Lost mutation: You are frail. (-10% HP) [potion of
                  | mutation]
 69313 | Spider:3 | Lost mutation: Armour fits poorly on your strangely shaped
                  | body. [potion of mutation]
 69313 | Spider:3 | Lost mutation: Your body sometimes deteriorates upon taking
                  | damage. [potion of mutation]
 69313 | Spider:3 | Gained mutation: You have a pair of small antennae on your
                  | head. [potion of mutation]
 69313 | Spider:3 | Gained mutation: You evolve. [potion of mutation]
 69805 | Spider:4 | Lost mutation: You are clumsy. (Dex -2) [evolution]
 70412 | Spider:4 | Reached XP level 18. HP: 141/141 MP: 0/0
 71743 | Spider:4 | Gained mutation: You are weak. (Str -2) [mutagenic glow]
 72720 | Spider:4 | Got a gossamer rune of Zot
 73201 | Swamp:1  | Entered Level 1 of the Swamp
 73386 | Elf:1    | Entered Level 1 of the Elven Halls
 74372 | Elf:1    | Gained mutation: You are occasionally teleported next to
                  | monsters. [evolution]
 74470 | Elf:1    | Reached skill level 17 in Fighting
 74649 | Elf:1    | Lost mutation: You have a pair of small antennae on your
                  | head. [potion of mutation]
 74649 | Elf:1    | Lost mutation: You are weak. (Str -2) [potion of mutation]
 74649 | Elf:1    | Gained mutation: You are strong-willed. (Will+) [potion of
                  | mutation]
 74649 | Elf:1    | Gained mutation: You are partially covered in large bone
                  | plates. (SH +4) [potion of mutation]
 74649 | Elf:1    | Gained mutation: You are robust. (+10% HP) [potion of
                  | mutation]
 75679 | Elf:1    | Found a runed translucent gate.
 75679 | Elf:1    | Found a runed translucent gate.
 75679 | Elf:1    | Found a runed translucent gate.
 75679 | Elf:1    | Found an opulent altar of Gozag.
 75679 | Elf:1    | Found Lapifigedgh's Assorted Antiques.
 75679 | Elf:1    | Noticed Ewetirimn's ghost (adept MiBe)
 77050 | Swamp:1  | Reached XP level 19. HP: 156/162 MP: 0/0
 77050 | Swamp:1  | Learned a level 6 spell: Starburst
 79470 | Swamp:4  | Entered Level 4 of the Swamp
 82170 | Swamp:4  | Got a decaying rune of Zot
 82273 | Swamp:4  | Reached skill level 15 in Invocations
 82824 | Lair:2   | Gained mutation: You have a pair of small horns on your
                  | head. [evolution]
 83218 | Lair:1   | Killed Tutankhamun's ghost
 83514 | D:15     | Reached skill level 18 in Fighting
 84226 | D:15     | Found a staircase to the Depths.
 84635 | Vaults:1 | Entered Level 1 of the Vaults
 84724 | Vaults:1 | Reached XP level 20. HP: 98/172 MP: 0/0
 87964 | Vaults:1 | Reached skill level 15 in Dodging
 88323 | Vaults:1 | Reached ****** piety under Qazlal
 89604 | Vaults:1 | Found Haech's Magic Scroll Shop.
 89611 | Vaults:1 | Bought a scroll of teleportation for 36 gold pieces
 89611 | Vaults:1 | Bought a scroll of teleportation for 36 gold pieces
 89611 | Vaults:1 | Bought a scroll of vulnerability for 90 gold pieces
 89611 | Vaults:1 | Bought a scroll of teleportation for 36 gold pieces
 89611 | Vaults:1 | Bought a scroll of acquirement for 624 gold pieces
 91257 | Elf:2    | Reached XP level 21. HP: 134/181 MP: 0/0
 91257 | Elf:2    | Learned a level 8 spell: Borgnjor's Revivification
 91613 | Elf:2    | Found Efitoi's Assorted Antiques.
 91633 | Elf:2    | Gained mutation: You possess an exceptional clarity of
                  | mind. [evolution]
 91679 | Elf:2    | Bought a potion of invisibility for 200 gold pieces
 91710 | Elf:2    | Found Honn's Antique Weapon Shop.
 91714 | Elf:2    | Found Goateef's Antique Armour Boutique.
 91714 | Elf:2    | Found Haeji's Assorted Antiques.
 91717 | Elf:2    | Found Vuneymen's Book Boutique.
 91975 | Elf:2    | Found a runed translucent gate.
 91979 | Elf:2    | Found a runed translucent gate.
 91981 | Elf:2    | Found a runed translucent gate.
 92246 | Elf:3    | Entered Level 3 of the Elven Halls
 92336 | Elf:3    | Found a magical portal.
 92346 | WizLab   | Entered Lehudib's Moon Base
 92356 | WizLab   | Reached skill level 19 in Fighting
 93753 | WizLab   | Found a transporter.
 94037 | WizLab   | Found a transporter.
 94059 | WizLab   | Gained mutation: You are clumsy. (Dex -2) [a cacodemon]
 94880 | WizLab   | Identified the ring of Nirel {rC+ rCorr AC+4 Str+2}
 95453 | WizLab   | Identified the +2 pair of boots "Plog" {Dex+3}
 95901 | Elf:3    | Reached XP level 22. HP: 152/190 MP: 0/0
 97738 | Elf:3    | Identified the +4 hand axe of Disharmony {flame, Fragile
                  | rElec Str+7 Stlth+}
 98207 | Elf:3    | Identified the +7 chain mail of Optimism {Str+3 Dex+3}
 98596 | Elf:3    | Lost mutation: You are occasionally teleported next to
                  | monsters. [potion of mutation]
 98596 | Elf:3    | Lost mutation: You are clumsy. (Dex -2) [potion of
                  | mutation]
 98596 | Elf:3    | Lost mutation: You have a pair of small horns on your head.
                  | [potion of mutation]
 98596 | Elf:3    | Gained mutation: Your body sometimes deteriorates upon
                  | taking damage. [potion of mutation]
 99485 | Vaults:2 | Reached skill level 20 in Fighting
 99840 | Elf:2    | Bought a jewelled cloak for 237 gold pieces
 99840 | Elf:2    | Identified the +0 cloak of Kasoliru {Contam +Inv rCorr
                  | Dex+4} (You bought it in a shop on level 2 of the Elven
                  | Halls)
100227 | Vaults:2 | Identified the +0 leather armour of the Carpenter {Rampage
                  | rF- SInv}
100702 | Vaults:2 | Noticed Frederick
100715 | Vaults:2 | Noticed Asterion
101140 | Vaults:2 | Noticed Margery
101159 | Vaults:2 | Killed Margery
101162 | Vaults:2 | Reached XP level 23. HP: 169/200 MP: 0/0
101162 | Vaults:2 | Learned a level 8 spell: Discord
101218 | Vaults:2 | Killed Asterion
101237 | Vaults:2 | Killed Frederick
102053 | Vaults:3 | Found Pyfi Jyo's Assorted Antiques.
102715 | Vaults:3 | Found Vyuka's Magic Scroll Emporium.
102738 | Vaults:3 | Found a staircase to the Crypt.
102904 | Vaults:3 | Identified the +3 morningstar of Sehitagha {speed, rPois
                  | Will+ Str+2 Dex-2}
103057 | Vaults:3 | Bought a scroll of magic mapping for 70 gold pieces
103206 | Vaults:4 | Noticed Mennas
103264 | Vaults:3 | Killed Mennas
103412 | Vaults:4 | Noticed a dread lich
103627 | Vaults:4 | Reached skill level 21 in Fighting
103690 | Vaults:4 | Reached skill level 15 in Armour
103731 | Vaults:4 | Reached XP level 24. HP: 175/210 MP: 0/0
103898 | Vaults:4 | Killed a dread lich
104321 | Vaults:4 | Noticed Jory
104338 | Vaults:4 | Killed Jory
104678 | Vaults:5 | Entered Level 5 of the Vaults
104907 | Depths:1 | Entered Level 1 of the Depths
105030 | Depths:1 | Found a flickering gateway to a bazaar.
105039 | Bazaar   | Entered a bazaar
105039 | Bazaar   | Found Ecleser's Distillery.
105039 | Bazaar   | Found Epniug's Antique Armour Shoppe.
105039 | Bazaar   | Found Qemaz's Weapon Emporium.
105041 | Bazaar   | Found Hahecykkesm's Armour Emporium.
105055 | Bazaar   | Bought 2 potions of mutation for 144 gold pieces
105058 | Bazaar   | Bought a pair of embroidered gloves for 180 gold pieces
105061 | Bazaar   | Bought a potion of heal wounds for 45 gold pieces
105061 | Bazaar   | Bought a potion of resistance for 90 gold pieces
105061 | Bazaar   | Bought a potion of haste for 90 gold pieces
105122 | Depths:1 | Noticed Saint Roka
105136 | Depths:1 | Killed Saint Roka
105352 | Depths:1 | Found a gateway to a ziggurat.
105673 | Depths:1 | Found a gateway to Hell.
105688 | Depths:1 | Noticed Sojobo
105701 | Depths:1 | Killed Sojobo
106117 | Depths:2 | Reached XP level 25. HP: 207/217 MP: 0/0
106117 | Depths:2 | Learned a level 8 spell: Summon Horrible Things
106263 | Depths:2 | You are sucked into a shaft and drop 1 floor!
106368 | Depths:3 | Found a large runed translucent door.
106368 | Depths:3 | Found a large runed translucent door.
106642 | Depths:2 | Found Vorch's Jewellery Shop.
106642 | Depths:2 | Found Keamaoz's Book Shoppe.
106643 | Depths:2 | Found Bahox's Jewellery Shop.
106761 | Depths:2 | Reached skill level 15 in Spellcasting
107098 | Depths:2 | Reached skill level 22 in Fighting
107163 | Depths:2 | Found a one-way gate leading to the halls of Pandemonium.
107248 | Depths:2 | Found Ekhisk Kewi's Book Shoppe.
107457 | Depths:2 | Gained mutation: You are highly strong-willed. (Will++)
                  | [evolution]
108131 | Depths:3 | Found Pyasos's Assorted Antiques.
108147 | Depths:3 | Found an opulent altar of Gozag.
108172 | Depths:3 | Found Ythres's Distillery.
108214 | Depths:3 | Found Uhoippue's Antique Weapon Emporium.
110255 | Depths:4 | Reached XP level 26. HP: 223/227 MP: 0/0
110320 | Depths:4 | Found a white marble altar of Elyvilon.
110807 | Depths:4 | Found a one-way gate to the infinite horrors of the Abyss.
110829 | Depths:4 | Identified the ring of Qudyc {rN+ AC+4}
111011 | Depths:5 | Entered Level 5 of the Depths
112535 | Depths:5 | Found Qoucwatt's CLEARANCE SALE! EVERYTHING MUST GO!.
112901 | Depths:5 | Found a gate to the Realm of Zot.
113171 | Zig:1    | Entered Level 1 of a ziggurat
113191 | Zig:2    | Entered Level 2 of a ziggurat
113192 | Zig:2    | Noticed Antyuh the pandemonium lord
113325 | Zig:2    | Cast into level 4 of the Abyss (Antyuh)
113341 | Abyss:4  | Paralysed by accursed screaming for 2 turns
113355 | Abyss:4  | Paralysed by accursed screaming for 1 turns
113635 | Abyss:4  | Reached XP level 27. HP: 108/234 MP: 0/0
113635 | Abyss:4  | Learned a level 9 spell: Chain Lightning
113647 | Zig:2    | Escaped the Abyss
113663 | Zig:3    | Entered Level 3 of a ziggurat
113715 | Zig:4    | Entered Level 4 of a ziggurat
113740 | Zig:4    | Identified the amulet of Okkoroin {Reflect rF+++ rC+ Int-5
                  | SH+5 SInv}
113743 | Zig:4    | Identified the +1 chain mail "Himiz" {-Cast rF++ Str+6}
113749 | Zig:5    | Entered Level 5 of a ziggurat
113751 | Zig:5    | Noticed a Killer Klown
113752 | Zig:5    | Noticed a Killer Klown
113761 | Zig:5    | Killed a Killer Klown
113772 | Zig:5    | Killed a Killer Klown
113801 | Zig:6    | Entered Level 6 of a ziggurat
113816 | Zig:6    | Reached skill level 23 in Fighting
113830 | Zig:6    | Identified the ring "Beqaj" {rPois MP+9 Str+4 Int+3 Dex+2}
113838 | Zig:7    | Entered Level 7 of a ziggurat
113885 | Zig:8    | Entered Level 8 of a ziggurat
113979 | Zig:9    | Entered Level 9 of a ziggurat
113986 | Zig:9    | Noticed a Killer Klown
113987 | Zig:9    | Noticed Oplaoss the pandemonium lord
113988 | Zig:9    | Noticed Yhesac the pandemonium lord
113988 | Zig:9    | Noticed a Killer Klown
114007 | Zig:9    | Noticed a Killer Klown
114019 | Depths:1 | Killed Oplaoss the pandemonium lord
114372 | Slime:1  | Entered Level 1 of the Pits of Slime
114393 | Slime:1  | Gained mutation: You occasionally shout uncontrollably at
                  | your foes. [a shining eye]
114469 | Slime:2  | Gained mutation: Potions are less effective at restoring
                  | your health. [a shining eye]
114478 | Slime:2  | Gained mutation: Your body often deteriorates upon taking
                  | damage. [a shining eye]
114481 | Slime:2  | Gained mutation: You are clumsy. (Dex -2) [a shining eye]
114493 | Slime:2  | Gained mutation: You sometimes lose the ability to read
                  | scrolls when taking damage. [a shining eye]
114581 | Slime:4  | Lost mutation: You are dopey. (Int -2) [evolution]
114614 | Slime:4  | Lost mutation: You are robust. (+10% HP) [potion of
                  | mutation]
114614 | Slime:4  | Lost mutation: Your body often deteriorates upon taking
                  | damage. [potion of mutation]
114614 | Slime:4  | Gained mutation: Your spells are a little harder to cast,
                  | but a little more powerful. [potion of mutation]
114615 | Slime:4  | Lost mutation: You possess an exceptional clarity of mind.
                  | [potion of mutation]
114615 | Slime:4  | Lost mutation: Your body sometimes deteriorates upon taking
                  | damage. [potion of mutation]
114617 | Slime:5  | Entered Level 5 of the Pits of Slime
115130 | Slime:5  | Noticed the Royal Jelly
115133 | Slime:5  | Gained mutation: Your body sometimes deteriorates upon
                  | taking damage. [a shining eye]
115136 | Slime:5  | Gained mutation: Your body often deteriorates upon taking
                  | damage. [a shining eye]
115149 | Slime:5  | Killed the Royal Jelly
115182 | Slime:5  | Gained mutation: You tend to lose your temper in combat. [a
                  | shining eye]
115184 | Slime:5  | Gained mutation: You are weak. (Str -2) [a shining eye]
115185 | Slime:5  | Gained mutation: You are dopey. (Int -2) [a shining eye]
115372 | Slime:5  | Identified the +3 great sword of Righteous Fury {holy, rF-
                  | Str+4 Dex+8 Stlth+}
115468 | Slime:5  | Got a slimy rune of Zot
115470 | Slime:5  | Identified the +10 quarterstaff of Epheack {holy, rElec
                  | rPois}
115986 | Zot:1    | Entered Level 1 of the Realm of Zot
116022 | Depths:5 | Lost mutation: Your body often deteriorates upon taking
                  | damage. [potion of mutation]
116022 | Depths:5 | Lost mutation: You are weak. (Str -2) [potion of mutation]
117929 | Zot:2    | Acquired 1034 gold pieces
117933 | Zot:2    | Acquired 1105 gold pieces
117934 | Zot:2    | Acquired 1097 gold pieces
117935 | Zot:2    | Acquired 769 gold pieces
119388 | Zot:4    | Noticed a Killer Klown
119395 | Zot:3    | Killed a Killer Klown
119648 | Zot:4    | Lost mutation: You are clumsy. (Dex -2) [evolution]
120958 | Zot:4    | Reached skill level 24 in Fighting
121072 | Zot:4    | Noticed a shard shrike
121080 | Zot:4    | Killed a shard shrike
122152 | Elf:1    | Killed Ewetirimn's ghost
122183 | Elf:1    | Bought a scroll of teleportation for 96 gold pieces
122698 | Zot:4    | Lost mutation: You sometimes lose the ability to read
                  | scrolls when taking damage. [potion of mutation]
122698 | Zot:4    | Lost mutation: You are highly strong-willed. (Will++)
                  | [potion of mutation]
122698 | Zot:4    | Gained mutation: You are weak. (Str -2) [potion of
                  | mutation]
122698 | Zot:4    | Lost mutation: Your body sometimes deteriorates upon taking
                  | damage. [potion of mutation]
122699 | Zot:4    | Lost mutation: You are strong-willed. (Will+) [potion of
                  | mutation]
122699 | Zot:4    | Lost mutation: Potions are less effective at restoring your
                  | health. [potion of mutation]
122699 | Zot:4    | Lost mutation: Your spells are a little harder to cast, but
                  | a little more powerful. [potion of mutation]
122699 | Zot:4    | Gained mutation: You sometimes lose the ability to read
                  | scrolls when taking damage. [potion of mutation]
122699 | Zot:4    | Lost mutation: You tend to lose your temper in combat.
                  | [potion of mutation]
122700 | Zot:4    | Lost mutation: You evolve. [potion of mutation]
122700 | Zot:4    | Lost mutation: You are weak. (Str -2) [potion of mutation]
122700 | Zot:4    | Lost mutation: You sometimes lose the ability to read
                  | scrolls when taking damage. [potion of mutation]
122700 | Zot:4    | Gained mutation: You tend to lose your temper in combat.
                  | [potion of mutation]
122700 | Zot:4    | Gained mutation: You are robust. (+10% HP) [potion of
                  | mutation]
122701 | Zot:4    | Lost mutation: You tend to lose your temper in combat.
                  | [potion of mutation]
122701 | Zot:4    | Lost mutation: You are robust. (+10% HP) [potion of
                  | mutation]
122701 | Zot:4    | Gained mutation: You are frail. (-10% HP) [potion of
                  | mutation]
122702 | Zot:4    | Lost mutation: You are dopey. (Int -2) [potion of mutation]
122702 | Zot:4    | Lost mutation: You occasionally shout uncontrollably at
                  | your foes. [potion of mutation]
122702 | Zot:4    | Lost mutation: You are frail. (-10% HP) [potion of
                  | mutation]
122702 | Zot:4    | Gained mutation: You have very sharp teeth. [potion of
                  | mutation]
122821 | Zot:5    | Entered Level 5 of the Realm of Zot
122828 | Zot:5    | Found Ageis's Changing Room.
123972 | Zot:5    | Bought a potion of mutation for 192 gold pieces
123972 | Zot:5    | Bought a potion of mutation for 192 gold pieces
124113 | Zot:5    | Found a runed translucent door.
124113 | Zot:5    | Noticed Heoriaro's ghost (legendary GnFi)
124811 | Zot:5    | Found a runed translucent door.
124828 | Zot:5    | Found Ageis's Changing Room.
125183 | Zot:5    | Noticed a Killer Klown
125206 | Zot:5    | Killed a Killer Klown
125229 | Zot:5    | Noticed a Killer Klown
125240 | Zot:5    | Killed a Killer Klown
125253 | Zot:5    | Noticed a dread lich
125270 | Zot:5    | Killed a dread lich
125552 | Zot:5    | Noticed an orb of fire
125563 | Zot:5    | Killed an orb of fire
125725 | Zot:5    | Found Ageis's Changing Room.
125922 | Zot:5    | Found a runed translucent door.
125960 | Zot:5    | Noticed a Killer Klown
125977 | Zot:5    | Killed a Killer Klown
126023 | Zot:5    | Noticed an orb of fire
126027 | Zot:5    | Noticed an orb of fire
126030 | Zot:5    | Noticed an orb of fire
126033 | Zot:5    | Noticed an orb of fire
126081 | Zot:5    | Found Ageis's Changing Room.
126138 | Zot:5    | Gained mutation: You occasionally shout uncontrollably at
                  | your foes. [an orb of fire]
126341 | Zot:5    | Noticed a dread lich
126390 | Zot:5    | Killed a dread lich
126489 | Zot:5    | Identified the +0 ring mail of Egalitarianism {Will++
                  | Regen+ Str-5}
126603 | Zot:5    | Gained mutation: Your body sometimes deteriorates upon
                  | taking damage. [an orb of fire]
126621 | Zot:5    | Killed an orb of fire
126628 | Zot:5    | Killed an orb of fire
126630 | Zot:5    | Killed an orb of fire
126642 | Zot:5    | Gained mutation: You are dopey. (Int -2) [an orb of fire]
126654 | Zot:5    | Killed an orb of fire
126861 | Zot:5    | Found a runed translucent door.
127592 | Zot:5    | Got the Orb of Zot
127821 | Depths:3 | Killed from afar by a Brimstone Fiend

Illustrated notes

Levels and vault maps discovered:
D:1:      dpeg_arrival_rooms_with_view, layout_rooms, minmay_statues_item
D:2:      layout_rooms, shapermc_ecumenical_altar_venn, serial_aquarium,
          aquarium_bridge_island_small [aquarium_subvault_small_open,
          aquarium_subvault_wall, aquarium_subvault_bridge,
          aquarium_subvault_wall, aquarium_subvault_bridge],
          aquarium_bridge_straight [aquarium_subvault_bridge,
          aquarium_subvault_window, aquarium_subvault_bridge,
          aquarium_subvault_wall], aquarium_window_corner,
          aquarium_window_corner, aquarium_window_1, aquarium_window_fake,
          aquarium_view_2b, aquarium_balcony_double_3, aquarium_pool_double
D:3:      layout_loops_ring
D:4:      layout_rooms, minmay_circle_x, uniq_ijyb
D:5:      minmay_bubble_buster, layout_rooms, minmay_temple_entry_poolview,
          serial_shops, nicolae_square_shop, uniq_blork_the_orc
D:6:      layout_basic, okawaru_gym_becter
D:7:      corexii_shantytown, layout_basic, makhleb_heckhound_becter
D:8:      layout_basic, zin_scriptorium, st_stairs_2, uniq_joseph, uniq_grum
D:9:      layout_roguey
D:10:     layout_cave_pools, kennysheep_little_box,
          grunt_lair_entry_orc_guard_hut, serial_bayou_pond_b
D:11:     layout_long_grid, zombieorc1_lemuel, uniq_psyche, uniq_harold
D:12:     layout_layer_cave
D:13:     layout_loops_corners, lightli_vaults_fourway_checkpoint, serial_shops,
          nicolae_stop_n_shop_1, shop
D:14:     layout_roguey, nicolae_tso_carved_into_rock
D:15:     grunt_enter_depths_magical_seal, layout_loops_ring,
          grunt_decor_fettered
Temple:   compressed_dpeg_circular_temple
Lair:1:   layout_roguey, gammafunk_ghost_necromancy
Lair:2:   dpeg_oklob_gauntlet, layout_loops_ring, basic_altar
Lair:3:   layout_loops_ring, minmay_swamp_entry_worms,
          nicolae_spider_entry_orb_guardian, grunt_forest_stairs_basic,
          lemuel_fruit_fields, uniq_urug
Lair:4:   layout_cave_pods
Lair:5:   layout_cave_pods, nicolae_slime_entry_slimehenge,
          infiniplex_staircase_pool, uniq_kirke
Lair:6:   minmay_lair_end_enchanted_forest, layout_gridlike, dpeg_oklob_1,
          uniq_snorg, uniq_josephine
Swamp:1:  layout_basic_swamp, evilmike_swamp_ruin_house_2
Swamp:2:  layout_basic_swamp, evilmike_swamp_ruin_house_5
Swamp:3:  layout_basic_swamp, serial_swamp_ruin, hangedman_swamp_ruin_hall,
          evilmike_swamp_ruin_rubble_1, swamp_pool5
Swamp:4:  swamp, layout_basic_swamp
Spider:1: layout_chambers, uniq_aizul
Spider:2: layout_spider_delve
Spider:3: layout_spider_delve, nicolae_spider_claw_tunnel
Spider:4: grunt_spider_rune_circles
Slime:1:  layout_caves
Slime:2:  layout_caves, cheibrodos_slime_lost_civilization_7
Slime:3:  layout_caves, basic_altar
Slime:4:  layout_caves
Slime:5
Orc:1:    layout_caves
Orc:2:    st_orc_ogre_mass, layout_caves, serial_shops, shop
Elf:1:    eino_elf_arrival_shootout, layout_gridlike, ebering_ghost_gozag,
          minmay_elf_demonology
Elf:2:    nicolae_elf_blades_splatter_lattice [mumra_blade_entry_bloodbath],
          layout_geoelf_octagon, serial_shops, shop, feat_on_display,
          minmay_shoptagon
Elf:3:    minmay_elf_hall_curves, layout_gridlike, mu_enter_wizlab_5,
          kilobyte_mutagenic_chamber
Vaults:1: v_alt_pattern_3, nicolae_vaults_little_squares_6, v_misc_28,
          nicolae_vaults_border_crossing, ontoclasm_vaults_loading_screen,
          vaults_room_grid, ontoclasm_vaults_eye, nicolae_vaults_network_s,
          ontoclasm_vaults_pinch, nicolae_vaults_diagonal_hallway_8,
          grunt_vaults_twisty, vaults_mumra_minichess, layout_vaults_omnigrid,
          serial_shops, shop
Vaults:2: v_misc_29, v_misc_24, vaults_dpeg_diagonal, vaults_room_fours,
          grunt_vaults_bifocal, vaults_room_fours, sword_in_stone, v_rooms_1,
          v_misc_26, vaults_room_hallway, v_rooms_2, v_misc_17,
          vaults_mumra_lcd, layout_vaults_omnibox, uniq_margery
Vaults:3: v_rooms_4, grunt_vaults_focal, v_misc_17, vaults_dpeg_cross,
          vaults_room_hangedman_quadrants, v_misc_31, v_misc_9,
          ontoclasm_vaults_chip, vaults_room_door_ring, vaults_room_semicircle,
          hangedman_vaults_capsules, vaults_dpeg_ring, nicolae_vaults_alarming,
          layout_vaults_chaotic_city, minmay_crypt_entry_nasty_monster,
          serial_shops, nicolae_diamond_shop, shop
Vaults:4: grunt_vaults_diagonal, ontoclasm_vaults_ring_large,
          hangedman_vaults_stagger, ontoclasm_vaults_shuriken, v_misc_25,
          v_pattern_5, v_misc_3, vaults_room_guarded_vault,
          hangedman_vaults_pinch, nicolae_vaults_network_quinsquares
          [nicolae_vaults_network_quincunx_subvault,
          nicolae_vaults_network_quincunx_subvault,
          nicolae_vaults_network_quincunx_subvault,
          nicolae_vaults_network_quincunx_subvault], dpeg_vaults_monster_box,
          ontoclasm_vaults_ring_square, v_misc_25, v_alt_pattern_3,
          nicolae_vaults_angled_halls, ontoclasm_vaults_twist,
          layout_vaults_maze_snakey, uniq_mennas, uniq_jory
Vaults:5
Depths:1: layout_gridville, enter_ziggurat_f, hangedman_geh_valley,
          serial_shops, bzr_entry_lakeside, vehumet_statue, uniq_sojobo,
          uniq_saint_roka
Depths:2: minmay_open_boxes_in_corner, layout_honeycomb,
          serial_sigils_hangedman_confine, pan_entry, hell_entry, serial_shops,
          nicolae_lakefront_shop, minmay_staircase_statues, minmay_shop_grove
Depths:3: lightli_eight_chambers, layout_gridville, abyss_entry,
          grunt_hell_entry_dis_grunt,
          nicolae_gozag_cash_rules_everything_around_me, serial_shops,
          kennysheep_mini, shop, nicolae_take_the_stairs,
          grunt_pan_entry_sceptre, evilmike_ambush [evilmike_ambush_outer_basic,
          evilmike_ambush_inner_wall_2], minmay_staircase_windowed_small
Depths:4: minmay_spriggan_fort, layout_gridville, pf_hell_entry_tar_river,
          nicolae_elyvilon_peaceful_grove, abyss_entry, columned_hall_lemuel,
          infiniplex_staircase_9_rooms
Depths:5: grunt_zot_entry_alcove, layout_basic, hellmouth_2,
          rand_demon_pan_entry_5, roderic_roman_lattice, nicolae_shop_clearance
Zot:1:    layout_onion
Zot:2:    layout_gridlike
Zot:3:    layout_basic
Zot:4:    grunt_zot_stairs_overgrown, layout_gridlike, hangedman_zot_spectrum
Zot:5:    layout_basic, gammafunk_ghost_grave, nicolae_transmutations_shop

Skill      XL: |  1  2  3  4  5  6  7  8  9 10 11 12 13 14 15 16 17 18 19 20 21 22 23 24 25 26 27 |
---------------+----------------------------------------------------------------------------------+-----
Fighting       | 1 2 3 4 5 7 8 9 11 12 13 14 15 16 17 18 19 20 21 22 24 | 24.7
Dodging        | 3 4 5 6 7 8 9 10 11 12 13 14 15 16 17 18 21 | 21.6
Staves         | 1 |  1.1
Spellcasting   | 3 4 5 6 7 9 10 11 12 13 14 15 16 19 | 19.9
Invocations    | 2 4 5 6 7 9 10 12 13 14 15 16 17 18 19 21 | 21.3
Armour         | 2 4 5 6 7 8 9 10 11 12 13 14 15 16 19 | 19.6
Shields        | 1 3 4 |  4.0
Axes           | |  0.6
Stealth        | |  1.5

Action                   |  1- 3 |  4- 6 |  7- 9 | 10-12 | 13-15 | 16-18 | 19-21 | 22-24 | 25-27 || total
-------------------------+-------+-------+-------+-------+-------+-------+-------+-------+-------++-------
Melee: Dagger            |     1 |       |       |       |       |       |       |       |       ||     1
       Staff             |     1 |     1 |       |       |       |       |     1 |       |     5 ||     8
       Great mace        |       |       |       |     5 |       |       |       |       |       ||     5
Throw: Throwing net      |       |       |       |       |       |       |       |       |     1 ||     1
 Cast: Magic Dart        |    91 |   139 |   418 |   713 |   958 |   513 |   221 |    20 |    43 ||  3116
       Call Imp          |     3 |    58 |   107 |    62 |    95 |     9 |     3 |       |     1 ||   338
       Blink             |     1 |     5 |    16 |    43 |    70 |    20 |       |     9 |    35 ||   199
       Mephitic Cloud    |       |     9 |    12 |    48 |    68 |    31 |     7 |     1 |       ||   176
       Slow              |       |       |    14 |     6 |     1 |       |       |       |       ||    21
       Conjure Flame     |       |       |    17 |    57 |    76 |     6 |       |       |       ||   156
       Searing Ray       |       |       |     1 |    31 |   140 |   125 |    73 |     4 |     2 ||   376
       Dazzling Flash    |       |       |       |    14 |     8 |    19 |     2 |     1 |       ||    44
       Ozocubu's Armour  |       |       |       |    10 |    19 |    29 |     6 |     2 |     7 ||    73
       Irradiate         |       |       |       |     1 |    65 |   175 |    42 |     9 |    15 ||   307
       Lee's Rapid Decon |       |       |       |       |    16 |    19 |   270 |   179 |   492 ||   976
       Simulacrum        |       |       |       |       |       |     1 |       |       |       ||     1
       Starburst         |       |       |       |       |       |       |   181 |   450 |   990 ||  1621
       Apportation       |       |       |       |       |       |       |       |     1 |     1 ||     2
       Summon Horrible T |       |       |       |       |       |       |       |       |   103 ||   103
       Borgnjor's Revivi |       |       |       |       |       |       |       |       |     1 ||     1
       Discord           |       |       |       |       |       |       |       |       |     1 ||     1
Invok: Upheaval          |       |       |       |     9 |    13 |    13 |     5 |    10 |    18 ||    68
       Elemental Force   |       |       |       |       |       |     1 |       |     1 |     2 ||     4
       Disaster Area     |       |       |       |       |       |       |     1 |       |       ||     1
Evoke: Wand              |       |       |       |     1 |    12 |    21 |     6 |     1 |       ||    41
  Use: Scroll            |       |     3 |     7 |    10 |    12 |     5 |     6 |     4 |    25 ||    72
       Potion            |       |       |       |     1 |       |     3 |       |     1 |    15 ||    20
Armor: Robe              |     2 |     7 |     6 |       |       |       |       |       |       ||    15
       Leather armour    |       |       |     9 |    59 |    44 |       |    40 |    16 |       ||   168
       Ring mail         |       |       |       |       |   116 |   328 |   177 |       |       ||   621
       Troll leather arm |       |       |       |       |       |       |       |   128 |   528 ||   656
Dodge: Dodged            |    22 |    25 |   115 |   241 |   514 |   425 |   335 |   257 |   899 ||  2833
       Repelled          |       |       |       |       |       |     8 |    17 |     6 |    87 ||   118
Block: Other             |       |       |    33 |   143 |   293 |   426 |   429 |   182 |   653 ||  2159
       Reflection        |       |       |    15 |     6 |    30 |    14 |    39 |     2 |       ||   106
